 Dungeon Crawl Stone Soup version 0.23-b1-6-ga921848 (webtiles) character file.

Game seed: 1334684702807253515

170 poirepourri the Cudgeler (level 5, -2/28 HPs)
             Began as a Gargoyle Fighter on Feb 2, 2019.
             Slain by an orc warrior
             ... wielding a +0 scimitar
              (7 damage)
             ... on level 3 of the Dungeon.
             The game lasted 00:02:50 (2265 turns).

poirepourri the Cudgeler (Gargoyle Fighter)         Turns: 2265, Time: 00:02:50

Health: -2/28      AC: 17    Str: 25    XL:     5   Next: 51%
Magic:  5/5        EV:  7    Int:  8    God:
Gold:   156        SH: 11    Dex: 10    Spells: 4/4 levels left

rFire    . . .     SeeInvis +   a - +0 flail
rCold    . . .     Gourm    .   c - +2 shield
rNeg     + . .     Faith    .   p - +4 chain mail {rPois}
rPois    ∞         Spirit   .   (helmet restricted)
rElec    +         Reflect  .   (no cloak)
rCorr    .         Harm     .   (no gloves)
MR       .....                  (no boots)
Stlth    ..........             (no amulet)
HPRegen  0.09/turn              m - ring of flight
MPRegen  0.09/turn              g - ring of see invisible

@: mighty
A: horns 1, repulsion field 1, frail 1, negative energy resistance 1,
electricity resistance, unbreathing, petrification resistance, rot immunity, AC
+4
a: Evoke Flight


You were on level 3 of the Dungeon.
You were full.

You visited 1 branch of the dungeon, and saw 3 of its levels.

You collected 156 gold pieces.

Inventory:

Hand Weapons
 a - a +0 flail (weapon)
Armour
 c - a +2 shield (worn)
 p - a +4 chain mail of poison resistance (worn)
 w - a +2 helmet
Jewellery
 e - a +3 ring of intelligence
 g - a ring of see invisible (right hand)
 j - an uncursed amulet of the acrobat {unknown}
 m - a ring of flight (left hand)
Wands
 o - a wand of random effects (17)
 r - a wand of digging (4)
 t - a wand of flame (17)
Scrolls
 h - 2 scrolls of remove curse
 k - a scroll of teleportation
Potions
 d - 2 potions of might
 i - a potion of degeneration
 l - 3 potions of flight
 n - 2 potions of lignification
Comestibles
 f - 3 rations


   Skills:
 - Level 3.3 Fighting
 + Level 5.5 Maces & Flails
 - Level 3.2 Armour
 - Level 3.3 Shields


You had 4 spell levels left.
You didn't know any spells.
Your spell library was empty.

Dungeon Overview and Level Annotations

Branches:
Dungeon (3/15)

Altars:
Vehumet


Innate Abilities, Weirdness & Mutations

You are resistant to torment.
Your stone body is resilient. (AC +4)
You are immune to poison.
You resist negative energy. (rN+)
You are resistant to electric shocks. (rElec)
You can survive without breathing.
You are immune to petrification.
You are immune to rotting.
You have a pair of small horns on your head.
You are surrounded by a mild repulsion field. (EV +2)
You are frail. (-10% HP)


Message History

You are too injured to fight recklessly!
You are too injured to fight recklessly!
You are too injured to fight recklessly!
You are too injured to fight recklessly!
You are too injured to fight recklessly!
You are too injured to fight recklessly!
You are too injured to fight recklessly!
You feel very mighty all of a sudden. You block the orc warrior's attack.
The orc hits you from afar with a +0 trident.
* * * LOW HITPOINT WARNING * * *
You block the orc warrior's attack. The orc closely misses you.
Really quaff the potion of lignification? [Y]es or [N]o only, please.
Really quaff the potion of lignification?
Okay, then.
You thump the orc warrior!
The orc warrior is heavily wounded.
The orc warrior hits you with a +0 scimitar!
You die...

..##..........#
..##...<......#
..##..........#
..##..........##
..##............
..##..........#######
..######.#######.o.o#
.## #.# #o##.# .# #.#
#@# .# .# #.# #.# o#
.# ####.# #.# (# .#
#....#######.# .# .#
#.##.........# .#
.##○.☼..########## .#
......°.. ##..._.○#
#......#


You could see an orc warrior and an orc.

Vanquished Creatures
  Terence (D:2)
  Natasha (thrice) (D:2)
  An ooze (D:2)
  2 worms
  A dart slug (D:1)
  A leopard gecko (D:3)
  An orc (D:3)
  A giant cockroach (D:3)
  9 goblins
  16 hobgoblins
  5 jackals (D:1)
  A quokka (D:3)
  4 bats
  2 frilled lizards
  A kobold (D:1)
  9 rats
58 creatures vanquished.

Vanquished Creatures (others)
  A rat (D:3)
1 creature vanquished.

Grand Total: 59 creatures vanquished

Notes
Turn   | Place    | Note
-------+----------+-------------------------------------------
     0 | D:1      | poirepourri the Gargoyle Fighter began the quest for the
                  | Orb.
     0 | D:1      | Reached XP level 1. HP: 14/14 MP: 1/1
    54 | D:1      | Reached XP level 2. HP: 17/19 MP: 2/2
   374 | D:1      | Reached skill level 3 in Maces & Flails
   525 | D:1      | Reached XP level 3. HP: 22/23 MP: 3/3
   869 | D:2      | Noticed Natasha
   873 | D:2      | Killed Natasha
   873 | D:2      | Reached skill level 4 in Maces & Flails
   901 | D:2      | Reached XP level 4. HP: 24/28 MP: 4/4
   985 | D:2      | Noticed Terence
  1006 | D:2      | Killed Terence
  1217 | D:2      | Noticed Natasha
  1227 | D:2      | Killed Natasha
  1227 | D:2      | Reached skill level 5 in Maces & Flails
  1227 | D:2      | Reached XP level 5. HP: 26/32 MP: 5/5
  1528 | D:2      | Noticed Natasha
  1540 | D:2      | Killed Natasha
  1951 | D:3      | Gained mutation: You are surrounded by a mild repulsion
                  | field. (EV +2) [potion of mutation]
  1951 | D:3      | Gained mutation: You are frail. (-10% HP) [potion of
                  | mutation]
  1951 | D:3      | Gained mutation: You have a pair of small horns on your
                  | head. [potion of mutation]
  2207 | D:3      | Found a radiant altar of Vehumet.
  2256 | D:3      | Noticed an orc warrior
  2265 | D:3      | Slain by an orc warrior

Skill      XL: |  1  2  3  4 |
---------------+-------------+-----
Maces & Flails | 3 4 5 |  5.5
Fighting       | |  3.3
Armour         | |  3.2
Shields        | |  3.3

Action                   |  1- 3 |  4- 6 || total
-------------------------+-------+-------++-------
Melee: Flail             |    97 |   122 ||   219
       Headbutt          |       |     1 ||     1
  Use: Scroll            |       |    10 ||    10
       Potion            |       |     4 ||     4
  Eat: Ration            |       |     3 ||     3
Armor: Scale mail        |    54 |    20 ||    74
       Chain mail        |       |    54 ||    54
Dodge: Dodged            |    32 |    27 ||    59
Block: Shield            |    48 |    72 ||   120
